[Event "Titled Tuesday Blitz February 14 Early 2023"]
[White "Gatterer, Florian"]
[Black "Vlassov, Nikolai"]
[WhiteFideId "811688"]
[BlackFideId "4103360"]
[WhiteElo "2170"]
[BlackElo "2283"]
[Result "0-1"]
[Round "07"]
[TimeControl "180+2"]
[Date "2023.02.15"]
[WhiteClock "0:00:01"]
[BlackClock "0:00:22"]

1. e4 c5 2. Nf3 d6 3. Bb5+ Nc6 4. O-O g6 5. c3 Bg7 6. Re1 Bg4 7. h3 Bxf3 8. Bxc6+ bxc6 9. Qxf3 Qb6 10. Na3 Nf6 11. e5 dxe5 12. Nc4 Qa6 13. Nxe5 O-O 14. Qxc6 Qxc6 15. Nxc6 e6 16. d3 Nd5 17. Ne5 Rfd8 18. Bd2 Rac8 19. Rad1 Nb6 20. Bf4 Na4 21. Re2 g5 22. Bg3 h5 23. h4 g4 24. Nc4 Bxc3 25. b3 Nb6 26. Be5 Bxe5 27. Rxe5 Rd5 28. Rxd5 exd5 29. Nxb6 axb6 30. Re1 b5 31. Re5 c4 32. bxc4 bxc4 33. dxc4 dxc4 34. Re2 f5 35. g3 Kf7 36. a4 Ra8 37. Ra2 Ra5 38. Kf1 Ke6 39. Ke2 Kd5 40. Kd2 Kd4 41. Kc2 f4 42. Ra1 fxg3 43. fxg3 Ke3 44. Ra3+ Kf2 45. Kc3 Rf5 46. Kxc4 Rf3 47. Rc3 Kxg3 48. a5 Kxh4 49. a6 Rf8 50. a7 g3 51. Rb3 g2 52. Rb8 Rf4+ 53. Kd3 Ra4 54. Rg8 Kh3 55. Ke2 Rxa7 56. Kf2 Rf7+ 57. Ke2 Kh2 0-1


[Site "https://www.chess.com"]

[Event "Titled Tuesday Blitz February 14 Early 2023"]
[White "Ladan, Nicholas"]
[Black "Kubatko, Ivan"]
[WhiteFideId "30918855"]
[BlackFideId "24111473"]
[WhiteElo "2228"]
[BlackElo "2257"]
[Result "0-1"]
[Round "07"]
[TimeControl "180+2"]
[Date "2023.02.15"]
[WhiteClock "0:00:08"]
[BlackClock "0:00:05"]

1. e3 d5 2. Nc3 c5 3. d4 Nf6 4. Nf3 a6 5. a4 Nc6 6. Bd3 Bg4 7. h3 Bxf3 8. Qxf3 cxd4 9. exd4 Nxd4 10. Qg3 e6 11. O-O Nc6 12. Re1 Qd7 13. Bg5 Be7 14. Rad1 h6 15. Bxf6 Bxf6 16. Bf5 Bxc3 17. Qxc3 O-O 18. Bd3 Rac8 19. Qd2 Rfd8 20. c3 d4 21. Bc2 Qe7 22. c4 Nb4 23. Bb3 d3 24. Re5 Rd4 25. Qc3 Rcd8 26. Rd2 Nc6 27. Re3 Nb4 28. c5 a5 29. Rg3 g6 30. Bd1 Nc6 31. Bf3 Ne5 32. Qxa5 Rc8 33. c6 Nxf3+ 34. Rxf3 Rxc6 35. Rfxd3 Rxd3 36. Rxd3 Rc1+ 37. Kh2 Qc7+ 38. Qxc7 Rxc7 39. Rb3 Kf8 40. Rb6 Ke7 41. Kg3 Kd7 42. b4 Kc8 43. a5 Rc4 44. Kf3 Rc3+ 45. Ke4 Rc4+ 46. Ke5 Rc2 47. f4 Rxg2 48. Kf6 Rf2 49. Kxf7 Rxf4+ 50. Kxg6 Rh4 51. Rxe6 Rxh3 52. Re4 h5 53. Kf7 Rg3 54. Ke6 Rg4 55. Re5 h4 56. b5 Rg6+ 57. Kd5 Rh6 58. Re2 h3 59. Rc2+ Kb8 60. Rh2 Rh5+ 61. Kc4 Rh4+ 62. Kb3 Rh5 63. b6 Rxa5 64. Kb4 Rh5 65. Rf2 Rh8 66. Rh2 Rh5 67. Rf2 Rh8 68. Rh2 Kc8 69. Kc5 Kd7 70. Rd2+ Ke6 71. Re2+ Kf5 72. Rh2 Kf4 73. Kd6 Kg3 74. Rh1 Rh7 75. Rc1 h2 76. Rc3+ Kf4 77. Rc4+ Ke3 78. Rc7 Rh6+ 79. Kc5 h1=Q 80. Re7+ Kd2 81. Rd7+ Kc2 82. Rd5 Rh5 83. Kd6 Qxd5+ 84. Kc7 Rh7+ 85. Kb8 Qd6+ 86. Ka7 Qa3+ 87. Kb8 Rg7 88. Kc8 Qc5+ 89. Kb8 Qa5 90. Kc8 Rh7 91. Kb8 Kb3 92. Kc8 Kb4 93. Kb8 Kb5 94. Kc8 Qa8# 0-1


[Site "https://www.chess.com"]

[Event "Titled Tuesday Blitz February 14 Early 2023"]
[White "Yurovskykh, Oleksandr"]
[Black "Llanos, Guillermo"]
[WhiteFideId "14134020"]
[BlackFideId "100358"]
[WhiteElo "2328"]
[BlackElo "2290"]
[Result "1-0"]
[Round "07"]
[TimeControl "180+2"]
[Date "2023.02.15"]
[WhiteClock "0:00:05"]
[BlackClock "0:00:01"]

1. d4 Nf6 2. Nf3 c5 3. dxc5 e6 4. c4 Bxc5 5. Nc3 O-O 6. e3 d5 7. cxd5 exd5 8. Be2 Nc6 9. O-O a6 10. b3 Re8 11. Bb2 Bg4 12. Nd4 Bd7 13. Nxc6 bxc6 14. Na4 Ba7 15. Rc1 Bb8 16. Nc5 Qc7 17. g3 Bh3 18. Re1 Ne4 19. Nxe4 Rxe4 20. Bf3 Re6 21. Qd4 Rg6 22. Bxd5 Ba7 23. Qh4 Qd7 24. Be4 Rh6 25. Qg5 f6 26. Qa5 Rd8 27. Bxc6 Qe7 28. Qxa6 Rd2 29. Re2 Qd6 30. Rxd2 Qxd2 31. Qc4+ Kh8 32. Qc2 Qxc2 33. Rxc2 Rh5 34. Bg2 Bf5 35. Rd2 h6 36. Bd4 Bb8 37. Bf3 Rg5 38. h4 Rg6 39. Kg2 Bg4 40. Bxg4 Rxg4 41. Rc2 Kh7 42. Rc8 Be5 43. Bxe5 fxe5 44. Rc4 Rg6 45. Re4 Ra6 46. a4 Ra5 47. Rb4 1-0


[Site "https://www.chess.com"]

[Event "Titled Tuesday Blitz February 14 Early 2023"]
[White "Prado Lobo, Jonas"]
[Black "Zia, Tahsin Tajwar"]
[WhiteFideId "32050666"]
[BlackFideId "10211888"]
[WhiteElo "2313"]
[BlackElo "2315"]
[Result "1-0"]
[Round "07"]
[TimeControl "180+2"]
[Date "2023.02.15"]
[WhiteClock "0:00:21"]
[BlackClock "0:00:05"]

1. Nf3 Nf6 2. d4 g6 3. c4 Bg7 4. Nc3 O-O 5. e4 d6 6. Be2 e5 7. O-O h6 8. d5 Nh7 9. Ne1 f5 10. f4 exf4 11. Bxf4 g5 12. Be3 f4 13. Bd4 Nd7 14. Bxg7 Kxg7 15. Qd4+ Qf6 16. Nf3 a6 17. b4 Re8 18. Rfe1 g4 19. Qxf6+ Ndxf6 20. Nd2 Ng5 21. Bd3 Nd7 22. Rf1 Ne5 23. Be2 Rf8 24. c5 f3 25. Bd1 Bd7 26. Bb3 h5 27. Nc4 Nxc4 28. Bxc4 b5 29. Bd3 fxg2 30. Kxg2 Nf3 31. a4 Ne5 32. Rxf8 Rxf8 33. axb5 Nxd3 34. c6 Rf2+ 35. Kg1 Bc8 36. bxa6 Bxa6 37. Rxa6 Rc2 38. Nb5 Nf4 39. Nxc7 Nh3+ 40. Kf1 Rf2+ 41. Ke1 Rxh2 42. Ne6+ Kf6 43. c7 Rc2 44. Rc6 Ra2 45. c8=Q g3 46. Qf8+ Ke5 47. Qg7+ Kxe4 48. Qxg3 Ra1+ 49. Kd2 Ra2+ 50. Rc2 1-0


[Site "https://www.chess.com"]

[Event "Titled Tuesday Blitz February 14 Early 2023"]
[White "Prieto Aranguren, Alain"]
[Black "Ibadov, Dashgyn"]
[WhiteFideId "2268906"]
[BlackFideId "24107514"]
[WhiteElo "2258"]
[BlackElo "2391"]
[Result "0-1"]
[Round "07"]
[TimeControl "180+2"]
[Date "2023.02.15"]
[WhiteClock "0:01:58"]
[BlackClock "0:00:51"]

1. d4 Nf6 2. c4 c5 3. d5 d6 4. Nc3 g6 5. e4 Bg7 6. Be3 O-O 7. f3 e6 8. Nge2 exd5 9. cxd5 a6 10. a4 Nbd7 11. Qd2 Ne5 12. Ng3 h5 13. Be2 h4 14. Nf1 h3 15. g3 Rb8 16. a5 b5 17. axb6 Qxb6 18. Na4 Qc7 19. Kf2 Bd7 20. Nc3 Rb4 21. Rxa6 Qb7 22. Ra2 Rb8 23. Bf4 Nh5 24. Bxe5 Bxe5 25. f4 Bd4+ 26. Ne3 Nf6 27. Rb1 Bxc3 28. Qc2 Bd4 29. Kf3 Rb3 0-1


[Site "https://www.chess.com"]

[Event "Titled Tuesday Blitz February 14 Early 2023"]
[White "Veiga, Jose Francisco R P Neves"]
[Black "Pourkashiyan, Atousa"]
[WhiteFideId "1930087"]
[BlackFideId "12502014"]
[WhiteElo "2406"]
[BlackElo "2282"]
[Result "1-0"]
[Round "07"]
[TimeControl "180+2"]
[Date "2023.02.15"]
[WhiteClock "0:02:01"]
[BlackClock "0:00:40"]

1. b3 e5 2. Bb2 Nc6 3. e3 Nf6 4. Nf3 d6 5. c4 g6 6. d4 exd4 7. exd4 Bg7 8. d5 Ne7 9. Be2 O-O 10. O-O Bg4 11. Nbd2 Re8 12. Re1 Qd7 13. h3 Bxf3 14. Bxf3 Nf5 15. Qc2 Rxe1+ 16. Rxe1 Re8 17. Qd1 Rxe1+ 18. Qxe1 Qe8 19. Kf1 Qxe1+ 20. Kxe1 Nd7 21. Bxg7 Kxg7 22. Bg4 Kf6 23. Ne4+ Ke5 24. Ng5 f6 25. Nxh7 Nc5 26. Bxf5 Kxf5 27. Ke2 Ne4 28. g4+ Ke5 29. Ke3 g5 30. Nf8 f5 31. Nd7# 1-0


[Site "https://www.chess.com"]

[Event "Titled Tuesday Blitz February 14 Early 2023"]
[White "Bas Mas, Jose Joaquin"]
[Black "Kalajzic, Ivan"]
[WhiteFideId "22219064"]
[BlackFideId "14506378"]
[WhiteElo "2197"]
[BlackElo "2062"]
[Result "1-0"]
[Round "07"]
[TimeControl "180+2"]
[Date "2023.02.15"]
[WhiteClock "0:00:04"]
[BlackClock "0:00:01"]

1. e4 g6 2. Nc3 Bg7 3. h4 h6 4. Bc4 d6 5. d3 a6 6. a4 Nc6 7. h5 g5 8. f4 gxf4 9. Bxf4 Nf6 10. Nf3 Bg4 11. Qd2 Nxh5 12. Rxh5 Bxh5 13. O-O-O e6 14. Rg1 Qe7 15. g4 Bg6 16. Rf1 O-O-O 17. Be3 Ne5 18. Nxe5 dxe5 19. Qf2 Rd4 20. Ne2 Rxc4 21. dxc4 Qb4 22. Nc3 Qxc4 23. Rd1 b5 24. axb5 axb5 25. Qd2 b4 26. Qd7+ Kb7 27. Na4 Bf8 28. b3 Qxe4 29. Qb5+ Kc8 30. Qa6+ Qb7 31. Rd8+ Kxd8 32. Qxb7 Ke7 33. Bc5+ Kf6 34. Qxc7 Bxc5 35. Nxc5 h5 36. gxh5 Rxh5 37. Qb6 Rh2 38. Qxb4 Rxc2+ 39. Kd1 Rh2 40. Nd7+ Kg5 41. Nxe5 Bh5+ 42. Kc1 f5 43. Qd4 Rh4 44. Qg1+ Bg4 45. Nf3+ 1-0


[Site "https://www.chess.com"]

[Event "Titled Tuesday Blitz February 14 Early 2023"]
[White "Filgueira, Hernan"]
[Black "Liu, Casper"]
[WhiteFideId "101770"]
[BlackFideId "1454153"]
[WhiteElo "2283"]
[BlackElo "2278"]
[Result "1-0"]
[Round "07"]
[TimeControl "180+2"]
[Date "2023.02.15"]
[WhiteClock "0:01:22"]
[BlackClock "0:01:32"]

1. e4 c5 2. Nf3 d6 3. Bb5+ Nc6 4. O-O Bg4 5. h3 Bh5 6. Bxc6+ bxc6 7. c3 e5 8. d4 exd4 9. cxd4 cxd4 10. Qxd4 Bxf3 11. gxf3 Qf6 12. Qa4 Ne7 13. f4 g6 14. Bd2 Qh4 15. Rc1 Bg7 16. Rxc6 O-O 17. Rc7 Bxb2 18. Bc3 Bxa1 19. Bxa1 Rac8 20. Qd4 f6 21. Rxe7 Rc1+ 22. Kg2 Rxb1 23. Qd5+ Kh8 24. Rf7 Qh6 25. Bxf6+ Kg8 26. Rg7+ Kh8 27. Rg8# 1-0


[Site "https://www.chess.com"]

[Event "Titled Tuesday Blitz February 14 Early 2023"]
[White "Cepo, Toni"]
[Black "Bettalli, Francesco"]
[WhiteFideId "4675916"]
[BlackFideId "2816453"]
[WhiteElo "2145"]
[BlackElo "2252"]
[Result "0-1"]
[Round "07"]
[TimeControl "180+2"]
[Date "2023.02.15"]
[WhiteClock "0:02:11"]
[BlackClock "0:02:43"]

1. e4 e5 2. Nf3 Nf6 3. Nxe5 Nxe4 4. Qe2 Qe7 5. Qxe4 d6 6. d4 dxe5 7. Qxe5 Qxe5+ 8. dxe5 Nc6 9. f4 Bf5 10. c3 O-O-O 11. Be3 f6 12. exf6 gxf6 13. Kf2 Rd1 14. Rg1 Rxb1 15. Rxb1 Bxb1 16. g4 Bxa2 17. g5 Be7 18. Bh3+ Kb8 19. gxf6 Bxf6 0-1


[Site "https://www.chess.com"]

[Event "Titled Tuesday Blitz February 14 Early 2023"]
[White "Alahakoon, Isuru"]
[Black "Malka, Samuel"]
[WhiteFideId "9900993"]
[BlackFideId "20643675"]
[WhiteElo "1819"]
[BlackElo "2165"]
[Result "0-1"]
[Round "07"]
[TimeControl "180+2"]
[Date "2023.02.15"]
[WhiteClock "0:00:01"]
[BlackClock "0:00:11"]

1. Nf3 c5 2. c3 d5 3. d4 Nf6 4. Bf4 Nc6 5. e3 e6 6. Nbd2 Nh5 7. Be5 f6 8. Bg3 Nxg3 9. hxg3 Qc7 10. Bd3 Bd7 11. Nh4 O-O-O 12. Ng6 Rg8 13. Rxh7 e5 14. dxe5 fxe5 15. Nxf8 Rdxf8 16. e4 d4 17. Bc4 Rh8 18. Qh5 Rxh7 19. Qxh7 Be8 20. Bd5 Kb8 21. Kf1 Qe7 22. Kg1 Qf6 23. Nf3 Ne7 24. Bc4 Bg6 25. Qh4 Qxh4 26. Nxh4 Bxe4 27. Re1 Bc6 28. Rxe5 dxc3 29. bxc3 Nc8 30. Rg5 Nd6 31. Bd3 c4 32. Be2 Re8 33. Kf1 Ne4 34. Rxg7 Nxc3 35. Bxc4 Ne4 36. Kg1 Nd2 37. Bd3 Re1+ 38. Kh2 Rd1 39. Be2 Ra1 40. Nf3 Rxa2 41. Nxd2 Rxd2 42. Re7 a5 43. g4 a4 44. g5 a3 45. Bc4 Rd4 46. Bb3 Rg4 0-1


[Site "https://www.chess.com"]

[Event "Titled Tuesday Blitz February 14 Early 2023"]
[White "Fiorito, Francisco"]
[Black "Zaichenko, Daria"]
[WhiteFideId "180165"]
[BlackFideId "4197453"]
[WhiteElo "2305"]
[BlackElo "2104"]
[Result "1-0"]
[Round "07"]
[TimeControl "180+2"]
[Date "2023.02.15"]
[WhiteClock "0:01:15"]
[BlackClock "0:00:13"]

1. d4 d5 2. Nc3 Nf6 3. Bf4 c6 4. e3 Bf5 5. f3 h5 6. h4 e6 7. Qd2 Nbd7 8. Nh3 Nb6 9. Ng5 Bd6 10. Bxd6 Qxd6 11. O-O-O Bg6 12. e4 Qb4 13. e5 Nfd7 14. a3 Qe7 15. g4 O-O-O 16. Be2 f6 17. exf6 gxf6 18. Nh3 e5 19. g5 exd4 20. Qxd4 c5 21. Qf4 d4 22. Nb5 Ne5 23. gxf6 Qe6 24. Ng5 Qf5 25. Qxf5+ Bxf5 26. f4 Ng4 27. Nf7 Nf2 28. Nfd6+ Kb8 29. Nxf5 Nxh1 30. Rxh1 Rhe8 31. Bxh5 Re6 32. f7 Nc4 33. b3 Ne3 34. Re1 a6 35. Nbd6 Rf6 36. Nxe3 dxe3 37. Nc4 Rxf4 38. Rxe3 Kc7 39. Re8 b5 40. Ne5 Rf5 41. Bg6 Rf6 42. h5 c4 43. bxc4 bxc4 44. Nxc4 Rf1+ 45. Kb2 Rb8+ 46. Rxb8 Kxb8 47. h6 Kc7 48. h7 1-0


[Site "https://www.chess.com"]

[Event "Titled Tuesday Blitz February 14 Early 2023"]
[White "Gonzalez, Francisco Silva"]
[Black "Sai Han Thiha"]
[WhiteFideId "1512285"]
[BlackFideId "13012290"]
[WhiteElo "2021"]
[BlackElo "2070"]
[Result "0-1"]
[Round "07"]
[TimeControl "180+2"]
[Date "2023.02.15"]
[WhiteClock "0:01:51"]
[BlackClock "0:01:02"]

1. d4 d5 2. c4 e6 3. Nc3 c5 4. cxd5 exd5 5. Nf3 Nf6 6. Bg5 Nc6 7. Bxf6 Qxf6 8. Nxd5 Qd8 9. e4 cxd4 10. Bb5 Qa5+ 11. Qd2 Qxd2+ 12. Kxd2 Kd8 13. Bxc6 bxc6 14. Ne5 cxd5 15. Nxf7+ Ke8 16. Nxh8 dxe4 17. f3 e3+ 18. Kd3 Bc5 19. Kc4 Bb6 20. Rad1 Ba6+ 21. Kd5 Ke7 22. Rhe1 Rxh8 23. Ke4 d3 24. Rxe3 Bxe3 25. Kxe3 Rc8 26. Rd2 Kd6 27. f4 Kd5 28. g4 Re8+ 29. Kf3 Re2 30. Rxe2 dxe2 31. Kf2 Ke4 32. f5 Kf4 33. h3 h5 34. gxh5 Kxf5 35. a4 Kg5 36. b4 Bc4 37. b5 Kxh5 38. Ke1 Kh4 39. a5 Bxb5 40. Kf2 Kxh3 41. Kg1 e1=Q# 0-1


[Site "https://www.chess.com"]

[Event "Titled Tuesday Blitz February 14 Early 2023"]
[White "Dzhaparov, Medet"]
[Black "Abdilkhair, Abilmansur"]
[WhiteFideId "13803689"]
[BlackFideId "13716417"]
[WhiteElo "1578"]
[BlackElo "2268"]
[Result "1-0"]
[Round "07"]
[TimeControl "180+2"]
[Date "2023.02.15"]
[WhiteClock "0:01:08"]
[BlackClock "0:00:08"]

1. e4 e5 2. Nf3 Nc6 3. Bc4 Be7 4. d4 exd4 5. Nxd4 Nf6 6. Nc3 O-O 7. O-O d6 8. Be3 Ng4 9. Qe2 Nxe3 10. Qxe3 Bg5 11. Qd3 Ne5 12. Qe2 Nxc4 13. Qxc4 Re8 14. Qd3 g6 15. Nf3 Bf6 16. Rfe1 c6 17. Rad1 Qb6 18. b3 Bg4 19. h3 Bxf3 20. Qxf3 Bg7 21. Rxd6 Qc5 22. Rd3 b5 23. Re2 a5 24. Qe3 Qa3 25. Qb6 b4 26. Na4 Qxa2 27. Qxc6 Rac8 28. Qb5 f5 29. Qxa5 fxe4 30. Qd5+ Kh8 31. Rxe4 Rxe4 32. Qxe4 Qa1+ 33. Kh2 Qf1 34. Rf3 Rd8 35. Qxb4 Be5+ 36. g3 Kg7 37. Qe7+ Kh6 38. Qh4+ Kg7 39. Qxd8 1-0


[Site "https://www.chess.com"]

[Event "Titled Tuesday Blitz February 14 Early 2023"]
[White "Ruge, Edison"]
[Black "Bon, Michael"]
[WhiteFideId "4401000"]
[BlackFideId "620696"]
[WhiteElo "2201"]
[BlackElo "2394"]
[Result "0-1"]
[Round "07"]
[TimeControl "180+2"]
[Date "2023.02.15"]
[WhiteClock "0:00:21"]
[BlackClock "0:00:03"]

1. e4 c5 2. Nf3 d6 3. d3 Nc6 4. Nbd2 g6 5. g3 Bg7 6. Bg2 Nf6 7. O-O O-O 8. c3 b5 9. h3 b4 10. c4 a5 11. Re1 Nd7 12. Rb1 a4 13. Nf1 e6 14. Bf4 Nde5 15. g4 a3 16. b3 Nxf3+ 17. Bxf3 Nd4 18. Bg2 Bb7 19. Qd2 Kh8 20. Bh6 Bxh6 21. Qxh6 e5 22. Ne3 Qf6 23. Nf5 Rg8 24. g5 Qe6 25. Nxd4 cxd4 26. Qh4 f6 27. gxf6 Rgf8 28. f4 Rxf6 29. fxe5 dxe5 30. Rf1 Raf8 31. Rxf6 Rxf6 32. Rf1 Kg7 33. Bf3 Rf4 34. Qg3 Qf6 35. Kg2 h5 36. Be2 Kh6 37. Rxf4 exf4 38. Qf2 g5 39. Bf3 Qe5 40. Qe2 Bc8 41. Bxh5 Be6 42. Bg4 Bf7 43. Kf3 Be8 44. Qd2 Qc5 45. Qe1 Bc6 46. h4 Kg6 47. hxg5 Qxg5 48. Qxb4 Qh4 49. Qd6+ Kg7 50. Qxc6 Qg3+ 51. Ke2 Qxg4+ 52. Kd2 Qg2+ 53. Kd1 Qf1+ 54. Kd2 Qf2+ 55. Kd1 Qf3+ 56. Kd2 Qe3+ 57. Kc2 Qe2+ 58. Kc1 Qe1+ 59. Kc2 Qc3+ 60. Kd1 Qxd3+ 61. Ke1 Qe3+ 62. Kf1 f3 63. Qd7+ Kh6 64. Qh3+ Kg5 65. Qg3+ Kf6 66. Qd6+ Kg5 67. Qg3+ Kh5 68. Qh3+ Kg6 69. Qf5+ Kh6 70. Qf6+ Kh5 71. Qf5+ Qg5 72. Qxg5+ Kxg5 73. c5 d3 74. Ke1 Kf4 75. c6 Ke3 76. c7 d2+ 77. Kd1 f2 0-1


[Site "https://www.chess.com"]

[Event "Titled Tuesday Blitz February 14 Early 2023"]
[White "Ruiz Aguilar, Pablo Alexander"]
[Black "EREBUNI91"]
[WhiteFideId "4401352"]
[WhiteElo "2161"]
[BlackElo "2719"]
[Result "1/2-1/2"]
[Round "07"]
[TimeControl "180+2"]
[Date "2023.02.15"]
[WhiteClock "0:01:01"]
[BlackClock "0:00:07"]

1. e4 c6 2. d4 d5 3. exd5 cxd5 4. c4 Nf6 5. Nc3 e6 6. Nf3 Bb4 7. Bd3 dxc4 8. Bxc4 Nc6 9. O-O O-O 10. a3 Be7 11. Re1 b6 12. Ne5 Bb7 13. Nxc6 Bxc6 14. Qe2 Qxd4 15. Be3 Qg4 16. f3 Qh5 17. b4 Rac8 18. Rac1 Bd6 19. f4 Qxe2 20. Bxe2 Nd5 21. Nxd5 Bxd5 22. Rxc8 Rxc8 23. Rc1 Rxc1+ 24. Bxc1 f5 25. Be3 Kf7 26. Kf2 e5 27. fxe5 Bxe5 28. g3 Bb2 29. a4 Be5 30. a5 Bc7 31. axb6 Bxb6 32. Bxb6 axb6 33. Ke3 Ke6 34. Kd4 g5 35. Ba6 f4 36. gxf4 gxf4 37. Bc8+ Kd6 38. Bf5 f3 39. Ke3 h6 40. Bg4 Kc6 41. Bxf3 Bxf3 42. Kxf3 Kb5 43. Kg4 Kxb4 44. Kh5 Kc4 45. Kxh6 b5 46. h4 b4 47. h5 b3 48. Kg7 b2 49. h6 b1=Q 50. h7 Qg1+ 51. Kh8 Qa7 52. Kg8 Qb8+ 53. Kg7 Qc7+ 54. Kg8 Qd8+ 55. Kg7 Qe7+ 56. Kg8 Qe6+ 57. Kg7 Qg4+ 58. Kh8 Qh5 59. Kg7 Qg5+ 60. Kh8 Qh6 61. Kg8 Qg6+ 62. Kh8 Qf6+ 63. Kg8 Qd8+ 64. Kg7 Qe7+ 65. Kg8 Qe6+ 66. Kg7 Qe7+ 1/2-1/2


[Site "https://www.chess.com"]

[Event "Titled Tuesday Blitz February 14 Early 2023"]
[White "Fiorito, Joaquin"]
[Black "rikchessmx"]
[WhiteFideId "180173"]
[WhiteElo "2405"]
[BlackElo "2312"]
[Result "0-1"]
[Round "07"]
[TimeControl "180+2"]
[Date "2023.02.15"]
[WhiteClock "0:00:21"]
[BlackClock "0:00:19"]

1. d4 d5 2. Nc3 e6 3. Bf4 Bd6 4. Bxd6 cxd6 5. e4 dxe4 6. Nxe4 Nf6 7. Nxf6+ Qxf6 8. Nf3 O-O 9. Bd3 e5 10. O-O Bg4 11. Be4 Nc6 12. h3 Bxf3 13. Bxf3 Nxd4 14. Bxb7 Rab8 15. Be4 Rxb2 16. c3 Ne2+ 17. Kh1 Nf4 18. Qc1 Rfb8 19. Qe3 d5 20. Bf3 e4 21. Bd1 Qg5 22. Rg1 Qh4 23. Bg4 Nd3 24. f3 h5 25. Bd7 Nf2+ 26. Kh2 Qe7 27. Ba4 Qd6+ 28. f4 Nd3 29. Raf1 Rxa2 30. Bd1 Rbb2 31. Bxh5 g5 32. Qg3 Nxf4 33. Qxg5+ Ng6+ 34. Kh1 Kg7 35. Bxg6 Qxg6 36. Rxf7+ Kxf7 37. Rf1+ Rf2 38. Qxd5+ Kg7 39. Qd4+ Qf6 40. Qd7+ Kg6 41. Qg4+ Kh7 42. Qh5+ Kg8 43. Qe8+ Kg7 44. Qd7+ Kh6 45. Rg1 Rxg2 0-1


[Site "https://www.chess.com"]

[Event "Titled Tuesday Blitz February 14 Early 2023"]
[White "Dong, Khanh Linh"]
[Black "Danielyan, Vahe"]
[WhiteFideId "12403040"]
[BlackFideId "13304828"]
[WhiteElo "1900"]
[BlackElo "2346"]
[Result "0-1"]
[Round "07"]
[TimeControl "180+2"]
[Date "2023.02.15"]
[WhiteClock "0:00:01"]
[BlackClock "0:01:47"]

1. e4 c5 2. Nf3 d6 3. d4 cxd4 4. Nxd4 Nf6 5. Nc3 a6 6. Bg5 e6 7. f4 Nbd7 8. Qf3 Qc7 9. O-O-O Be7 10. g4 h6 11. Bh4 g5 12. Bf2 gxf4 13. h4 b5 14. g5 Ne5 15. Qxf4 hxg5 16. hxg5 Nh5 17. Qd2 b4 18. Na4 Bd7 19. Qxb4 d5 20. Qc3 Bxg5+ 21. Kb1 Qxc3 22. Nxc3 Ng4 23. Bg1 Ke7 24. Be2 Nhf6 25. Rxh8 Rxh8 26. exd5 exd5 27. Bxg4 Bxg4 28. Re1+ Kf8 29. Bf2 Rh2 30. Bg3 Rg2 31. Bd6+ Kg7 32. Nce2 Bh4 33. Rg1 Rxg1+ 34. Nxg1 Ne4 35. Be5+ f6 36. Bc7 Nd2+ 37. Ka1 Bg5 38. Nge2 f5 39. Be5+ Kg6 40. c3 f4 41. Ng1 Nc4 0-1


[Site "https://www.chess.com"]

[Event "Titled Tuesday Blitz February 14 Early 2023"]
[White "Belov, Alexei"]
[Black "Vaglio Munoz, Jaime"]
[WhiteFideId "4128206"]
[BlackFideId "6500145"]
[WhiteElo "2421"]
[BlackElo "2174"]
[Result "1-0"]
[Round "07"]
[TimeControl "180+2"]
[Date "2023.02.15"]
[WhiteClock "0:00:30"]
[BlackClock "0:00:49"]

1. e4 e6 2. d4 d5 3. Nd2 dxe4 4. Nxe4 Nf6 5. Bd3 Bd7 6. Nf3 Be7 7. Ne5 Bc6 8. Nxc6 Nxc6 9. c3 O-O 10. O-O e5 11. dxe5 Nxe5 12. Bc2 Ng6 13. Qf3 c6 14. Ng5 Qd5 15. Ne4 Nxe4 16. Bxe4 Qb5 17. a4 Qb6 18. a5 Qc7 19. a6 bxa6 20. Rxa6 Ne5 21. Qg3 f5 22. Rxc6 Qd7 23. Qxe5 fxe4 24. Rc7 Bf6 25. Rxd7 Bxe5 26. Re1 Rfe8 27. g3 Bf6 28. Be3 a5 29. Bd4 a4 30. Bxf6 gxf6 31. g4 a3 32. bxa3 Rxa3 33. Rb1 e3 34. fxe3 Rxc3 35. Rbb7 Rcxe3 36. Rg7+ Kh8 37. Rxh7+ Kg8 38. Rhg7+ Kf8 39. Rbf7# 1-0


[Site "https://www.chess.com"]

[Event "Titled Tuesday Blitz February 14 Early 2023"]
[White "Berezin, Viktor"]
[Black "Jenkins, Drake"]
[WhiteFideId "14107872"]
[BlackFideId "2022397"]
[WhiteElo "2307"]
[BlackElo "2130"]
[Result "1-0"]
[Round "07"]
[TimeControl "180+2"]
[Date "2023.02.15"]
[WhiteClock "0:00:59"]
[BlackClock "0:00:01"]

1. d4 Nf6 2. Nf3 c5 3. d5 b5 4. c4 b4 5. Qc2 g6 6. e4 d6 7. a3 Nbd7 8. axb4 cxb4 9. b3 Bg7 10. Bb2 O-O 11. Be2 Nc5 12. Nbd2 a5 13. O-O Bd7 14. e5 Ne8 15. exd6 exd6 16. Bxg7 Nxg7 17. Qb2 Re8 18. Rfe1 Nh5 19. g3 Qf6 20. Nd4 Ng7 21. N2f3 Nf5 22. Qd2 Nxd4 23. Qxd4 Kg7 24. Qxf6+ Kxf6 25. Nd4 Re4 26. Red1 Rxd4 27. Rxd4 Nxb3 28. Rf4+ Kg7 29. Rb1 Nc5 30. Bg4 f5 31. Bd1 Rb8 32. Rd4 a4 33. Bxa4 Nxa4 34. Rd2 Kf6 35. f4 Nc5 36. Re2 b3 37. Kf2 Ne4+ 38. Ke3 Nc3 39. Reb2 Nxb1 40. Rxb1 b2 41. Kd4 Ba4 42. Kc3 Rb3+ 43. Kd2 Rb4 44. Kc3 Rb3+ 45. Kd2 Rb6 46. Kc3 g5 47. fxg5+ Kxg5 48. Kd2 Rb4 49. Kc3 Rb3+ 50. Kd2 Kg4 51. c5 dxc5 52. d6 Rb7 53. Kc3 1-0


[Site "https://www.chess.com"]

[Event "Titled Tuesday Blitz February 14 Early 2023"]
[White "Bozorov, Makhsum"]
[Black "Sovetbekova, Nurai"]
[WhiteFideId "14201330"]
[BlackFideId "13801910"]
[WhiteElo "2145"]
[BlackElo "1764"]
[Result "1-0"]
[Round "07"]
[TimeControl "180+2"]
[Date "2023.02.15"]
[WhiteClock "0:00:18"]
[BlackClock "0:00:02"]

1. d4 Nf6 2. Nf3 g6 3. g3 Bg7 4. Bg2 c5 5. O-O O-O 6. c4 d6 7. d5 b5 8. cxb5 a6 9. bxa6 Nxa6 10. Nc3 Bf5 11. Re1 Ne4 12. Nxe4 Bxe4 13. Ng5 Bxg2 14. Kxg2 Nb4 15. a3 Qb6 16. Rb1 Na6 17. Bd2 Rfb8 18. e4 Nc7 19. h4 h6 20. Nf3 Nb5 21. Be3 Qb7 22. a4 Nc7 23. b3 Na6 24. Bf4 Nb4 25. Qd2 Kh7 26. Rbd1 Na6 27. Rb1 Qd7 28. e5 dxe5 29. Nxe5 Bxe5 30. Rxe5 Rb4 31. Rbe1 Rd4 32. Qc1 Re8 33. Bxh6 Rxd5 34. Bf4 Rd4 35. h5 Qb7+ 36. Kg1 Qxb3 37. hxg6+ fxg6 38. Rxe7+ Rxe7 39. Rxe7+ Kg8 40. Re1 Qf3 41. Qb1 Kg7 42. Qb6 Nb4 43. Qc7+ Kg8 44. Re8# 1-0


[Site "https://www.chess.com"]

[Event "Titled Tuesday Blitz February 14 Early 2023"]
[White "Lehtosaari, Mauri"]
[Black "Fajdetic, Hrvoje"]
[WhiteFideId "501999"]
[BlackFideId "14501945"]
[WhiteElo "2176"]
[BlackElo "2151"]
[Result "1-0"]
[Round "07"]
[TimeControl "180+2"]
[Date "2023.02.15"]
[WhiteClock "0:00:54"]
[BlackClock "0:00:12"]

1. Nf3 f5 2. d4 Nf6 3. Bf4 e6 4. e3 b6 5. h3 Bb7 6. Be2 Bd6 7. Bxd6 cxd6 8. O-O O-O 9. c4 Qe7 10. Nc3 Nc6 11. Rc1 Rac8 12. Qb3 Kh8 13. Qa3 Ne4 14. Nxe4 fxe4 15. Nd2 d5 16. Qxe7 Nxe7 17. Rfe1 g5 18. cxd5 exd5 19. Bg4 Bc6 20. Nb1 Rc7 21. Nc3 Rfc8 22. Rc2 Kg7 23. Rec1 a6 24. Be2 Ba4 25. b3 Bb5 26. Kf1 Bxe2+ 27. Kxe2 Kf6 28. Nxe4+ dxe4 29. Rxc7 Rd8 30. Rb7 Nd5 31. a3 Ke6 32. f3 exf3+ 33. gxf3 h6 34. e4 Nf4+ 35. Ke3 Nxh3 36. Rxb6+ Ke7 37. Rxh6 Nf4 38. Rg1 Rb8 39. b4 a5 40. Rxg5 Ne6 41. Rxe6+ dxe6 42. Rxa5 Rc8 43. Kf4 Rc3 44. Ke5 Rxf3 45. Ra7+ Kd8 46. Kxe6 Rd3 47. d5 Kc8 48. e5 Kb8 49. Rh7 Rxa3 50. d6 Rd3 51. Ke7 Rd5 52. e6 Rd4 1-0


[Site "https://www.chess.com"]